 Dungeon Crawl Stone Soup version 0.30.0-19-g36f170ea60 (webtiles) character file.

Game seed: 12732532468905049012

5564 Bnni the Geomancer (level 11, -1/84 HPs)
             Began as a Formicid Earth Elementalist on June 1, 2023.
             Slain by a two-headed ogre
             ... wielding a +0 giant spiked club
              (16 damage)
             ... on level 9 of the Dungeon.
             The game lasted 00:17:57 (9478 turns).

Bnni the Geomancer (Formicid Earth Elementalist)    Turns: 9478, Time: 00:17:58

Health: -1/84      AC: 11    Str: 12    XL:     11   Next: 2%
Magic:  9/21       EV:  6    Int: 20    God:
Gold:   476        SH:  5    Dex: 14    Spells: 14/24 levels left

rFire   . . .        j - staff of earth
rCold   + . .        c - +0 buckler
rNeg    . . .        p - +0 chain mail
rPois   .            (helmet unavailable)
rElec   .            G - +0 cloak
rCorr   .            o - +0 pair of gloves
SInv    +            (no boots)
Will    +....        (no amulet) Stlth
                     K - ring of protection from cold
HPRegen 0.34/turn    w - +4 ring of slaying
MPRegen 0.17/turn

%: no passive effects
@: very slightly contaminated, invisible
A: permanent stasis, dig shafts and tunnels, antennae 3, four strong arms
a: Dig, Shaft Self


You were on level 9 of the Dungeon.
You visited 2 branches of the dungeon, and saw 10 of its levels.
You also visited: Sewer.

You collected 476 gold pieces.

Inventory:

Hand Weapons
 a - a +3 dagger of venom
 A - the +2 quarterstaff of Urgency {venom, rN+ rCorr Stlth-}
   (You found it on level 7 of the Dungeon)

   rN:        It protects you from negative energy.
   rCorr:     It protects you from acid and corrosion.
   Stlth:     It makes you less stealthy.
Missiles
 v - 30 poisoned darts
Armour
 c - a +0 buckler (worn)
 o - a +0 pair of gloves (worn)
 p - a +0 chain mail (worn)
 q - a +0 plate armour
 G - a +0 cloak (worn)
Magical Staves
 j - a staff of earth (weapon)
Jewellery
 w - a +4 ring of slaying (right hand)
 K - a ring of protection from cold (left hand)
Wands
 E - a wand of acid (9)
Scrolls
 d - 2 scrolls of enchant weapon
 g - a scroll of enchant armour {unknown}
 h - a scroll of silence {unknown}
 i - 2 scrolls of acquirement {unknown}
 n - a scroll of brand weapon
 r - 4 scrolls of teleportation {unknown}
 s - 2 scrolls of amnesia {unknown}
 y - a scroll of fear {unknown}
 C - a scroll of torment {unknown}
 D - a scroll of poison {unknown}
 F - a scroll of blinking {unknown}
 I - 2 scrolls of magic mapping {unknown}
Potions
 b - a potion of magic
 f - a potion of cancellation
 l - a potion of ambrosia
 m - a potion of lignification
 t - a potion of attraction
 u - a potion of brilliance {unknown}
 x - a potion of heal wounds
 z - a potion of mutation {unknown}
 H - a potion of curing
 J - a potion of flight {unknown}


   Skills:
 + Level 7.1 Fighting
 + Level 4.3 Armour
 - Level 1.7 Dodging
 - Level 2.4 Stealth
 - Level 4.0 Shields
 + Level 7.0 Spellcasting
 - Level 3.0 Conjurations
 - Level 3.0 Transmutations
 * Level 12.0 Earth Magic
 + Level 4.7 Invocations


You had 14 spell levels left.
You knew the following spells:

 Your Spells              Type           Power      Damage    Failure   Level
a - Sandblast             Erth           100%       2d20      1%          1
b - Passwall              Tmut/Erth      44%        N/A       19%         2
c - Stone Arrow           Conj/Erth      100%       3d13      36%         3
d - Petrify               Tmut/Erth      53%        N/A       77%         4

Your spell library contained the following spells:

 Spells                   Type           Power      Damage    Failure   Level
 Momentum Strike          Conj/Tloc      26%        3d8       92%         2
 Apportation              Tloc           14%        N/A       95%         1
 Necrotise                Necr           28%        1d5       95%         1
 Summon Small Mammal      Summ           28%        N/A       95%         1
 Lesser Beckoning         Tloc           14%        N/A       99%         2
 Call Canine Familiar     Summ           7%         N/A       100%        3
 Ozocubu's Armour         Ice            7%         N/A       100%        3
 Summon Guardian Golem    Hex/Summ       7%         N/A       100%        3
 Metabolic Englaciation   Hex/Ice        3%         N/A       100%        5
 Simulacrum               Ice/Necr       3%         N/A       100%        6
 Blink                    Tloc           Unusable   N/A       N/A         2

Dungeon Overview and Level Annotations

Branches:
Dungeon (9/15)             Temple (1/1) D:4           Sewer (visited)
   Lair: D:8-11         Orc: D:9-12

Altars:
Elyvilon
Fedhas
Gozag
Hepliaklqana
Kikubaaqudgha
Makhleb
Nemelex Xobeh
Qazlal
Sif Muna
Trog
Uskayaw
Wu Jian
Xom
Yredelemnul
Zin

Shops:
D:3 =


Innate Abilities, Weirdness & Mutations

You cannot be hasted, slowed, berserked, paralysed or teleported.
You can dig through walls and to a lower floor.
You have a pair of large antennae on your head. (SInv)
Your four strong arms can wield two-handed weapons with a shield.


Message History

Casting: Sandblast (safe; 1% risk of failure)
Confirm with . or Enter, or press ? or * to list all spells.
Aiming: Stone Arrow (dangerous; 36% risk of failure)
Press: ? - help, Shift-Dir - straight line, f/p - two-headed ogre
Aim: a two-headed ogre, wielding two +0 giant spiked clubs (moderately wounded, unable to see you, 89% to hit)
You feel a surge of power!
You miscast Stone Arrow.
You are very lightly contaminated with residual magic.
A wave of violent energy washes through your body!
* * * LOW HITPOINT WARNING * * *
The two-headed ogre hits you with a +0 giant spiked club.
* * * LOW HITPOINT WARNING * * *
The two-headed ogre hits you with a +0 giant spiked club.
* * * LOW HITPOINT WARNING * * *
Casting: Stone Arrow (dangerous; 36% risk of failure)
Confirm with . or Enter, or press ? or * to list all spells.
Aiming: Stone Arrow (dangerous; 36% risk of failure)
Press: ? - help, Shift-Dir - straight line, f/p - two-headed ogre
Aim: a two-headed ogre, wielding two +0 giant spiked clubs (moderately wounded, unable to see you, 89% to hit)
You feel a surge of power!
The stone arrow hits the two-headed ogre!!
The two-headed ogre is severely wounded.
Casting: Stone Arrow (dangerous; 36% risk of failure)
Confirm with . or Enter, or press ? or * to list all spells.
Aiming: Stone Arrow (dangerous; 36% risk of failure)
Press: ? - help, Shift-Dir - straight line, f/p - two-headed ogre
Aim: a two-headed ogre, wielding two +0 giant spiked clubs (severely wounded, unable to see you, 89% to hit)
You feel a surge of power!
You miscast Stone Arrow.
Nothing appears to happen.
The two-headed ogre hits you with a +0 giant spiked club.
* * * LOW HITPOINT WARNING * * *
The two-headed ogre barely misses you.
Casting: Stone Arrow (dangerous; 36% risk of failure)
Confirm with . or Enter, or press ? or * to list all spells.
Aiming: Stone Arrow (dangerous; 36% risk of failure)
Press: ? - help, Shift-Dir - straight line, f/p - two-headed ogre
Aim: a two-headed ogre, wielding two +0 giant spiked clubs (heavily wounded, unable to see you, 89% to hit)
You feel a surge of power!
The stone arrow hits the two-headed ogre!
The two-headed ogre is almost dead.
The two-headed ogre hits you with a +0 giant spiked club!
You die...

...# #### #.# # ##'#
#..# #.# # ...# #..#
#.# # ...###### ####
..# #.######
........## ##..# #.#
#.......
)).......###...####.#
#.......
##)########.........#
+.......
...).............O..#
#.......
................@.#.#
#.......
..................#.#
#.......
..................#.+
#.......
.##...............#.#
#.......
..................#.#
#..##...
..................#.#
#.......
....................#
#.......
)##################+#
#.......
).....##............
#.......


You could see a two-headed ogre (unable to see you).

Vanquished Creatures
  A kobold demonologist (D:7)
  A hornet (D:7)
  Eustachio (D:5)
  2 steam dragons (D:9)
  Edmund (D:5)
  A water moccasin (D:7)
  4 orc warriors
  4 sky beasts
  2 ice beasts
  A black bear (D:6)
  4 ogres
  2 centaurs (D:8)
  The ghost of Bamboolord the Gusty, an amateur DsAE (D:3)
  5 kobold brigands
  2 bullfrogs (D:8)
  A gnoll sergeant (D:6)
  A scorpion (D:5)
  16 wights
  2 electric eels (D:6)
  3 howler monkeys
  A jelly (D:8)
  8 orc priests
  A bullfrog skeleton (D:3)
  A centaur skeleton (D:3)
  8 hounds
  4 iguanas
  11 orc wizards
  A mummy (D:3)
  9 gnolls
  2 river rats (Sewer)
  12 adders
  A shadow imp (D:7)
  2 white imps
  An ufetubus (D:5)
  5 worms
  31 orcs
  6 endoplasms
  4 giant cockroaches
  4 goblins
  5 hobgoblins
  6 jackals (D:2)
  5 quokkas
  11 ball pythons
  8 bats
  4 frilled lizards
  13 kobolds
  9 rats
228 creatures vanquished.

Vanquished Creatures (others)
  An orc (D:6)
1 creature vanquished.

Grand Total: 229 creatures vanquished

Notes
Turn   | Place    | Note
-------+----------+-------------------------------------------
     0 | D:1      | Bnni the Formicid Earth Elementalist began the quest for
                  | the Orb.
     0 | D:1      | Reached XP level 1. HP: 13/13 MP: 3/3
   170 | D:1      | Reached XP level 2. HP: 20/20 MP: 3/5
   337 | D:1      | Found a faded altar of an unknown god.
   370 | D:1      | Reached skill level 4 in Earth Magic
   699 | D:2      | Learned a level 2 spell: Passwall
   743 | D:2      | Reached skill level 1 in Fighting
   743 | D:2      | Reached XP level 3. HP: 26/26 MP: 2/6
   749 | D:2      | Learned a level 3 spell: Stone Arrow
  1158 | D:2      | Reached XP level 4. HP: 32/32 MP: 5/7
  1671 | D:3      | Found an ancient bone altar of Kikubaaqudgha.
  1771 | D:3      | Found a transporter.
  1782 | D:3      | Found a shimmering blue altar of Sif Muna.
  1791 | D:3      | Found Logatiski's Jewellery Shoppe.
  1885 | D:3      | Found a transporter.
  1888 | D:3      | Noticed Bamboolord's ghost (amateur DsAE)
  1901 | D:3      | Found a glowing silver altar of Zin.
  1965 | D:3      | Reached XP level 5. HP: 37/38 MP: 2/9
  2115 | D:3      | Reached skill level 1 in Conjurations
  2115 | D:3      | Reached skill level 5 in Earth Magic
  2400 | D:3      | Reached XP level 6. HP: 40/44 MP: 7/10
  2788 | D:3      | Killed Bamboolord's ghost
  2789 | D:3      | Reached skill level 1 in Shields
  2924 | D:4      | Noticed an ogre
  2931 | D:4      | Killed an ogre
  2932 | D:4      | Reached skill level 6 in Earth Magic
  2932 | D:4      | Reached XP level 7. HP: 48/51 MP: 6/12
  3070 | D:4      | Found a staircase to the Ecumenical Temple.
  3095 | Temple   | Entered the Ecumenical Temple
  3668 | D:5      | Entered Level 5 of the Dungeon
  3968 | D:5      | Reached XP level 8. HP: 58/58 MP: 10/13
  4023 | D:5      | Noticed Eustachio
  4029 | D:5      | Killed Eustachio
  4030 | D:5      | Reached skill level 7 in Earth Magic
  4107 | D:5      | Found a burning altar of Makhleb.
  4191 | D:5      | Noticed Edmund
  4264 | D:5      | Killed Edmund
  4630 | D:5      | Reached skill level 8 in Earth Magic
  4994 | D:6      | Found a glowing drain.
  5008 | Sewer    | Entered a sewer
  5316 | Sewer    | Reached XP level 9. HP: 66/66 MP: 11/16
  5502 | Sewer    | Reached skill level 5 in Spellcasting
  5598 | Sewer    | Reached skill level 9 in Earth Magic
  5799 | D:6      | Reached skill level 5 in Fighting
  6085 | D:6      | Noticed a +0 spear
  6085 | D:6      | Noticed a +0 short sword
  6091 | D:6      | Noticed a +0 falchion
  6092 | D:6      | Noticed a +0 dagger
  6093 | D:6      | Noticed a +0 falchion
  6093 | D:6      | Noticed a +0 spear
  6093 | D:6      | Noticed a +0 short sword
  6097 | D:6      | Noticed a +0 dagger
  6103 | D:6      | Found a hide-covered altar of Uskayaw.
  6165 | D:6      | Reached skill level 1 in Armour
  6165 | D:6      | Reached skill level 1 in Invocations
  6166 | D:6      | Reached skill level 10 in Earth Magic
  6466 | D:6      | Learned a level 4 spell: Petrify
  6496 | D:6      | Reached XP level 10. HP: 59/76 MP: 15/19
  6881 | D:6      | Found a bloodstained altar of Trog.
  7327 | D:7      | Identified the +2 quarterstaff of Urgency {venom, rN+ rCorr
                  | Stlth-}
  7337 | D:7      | Noticed a kobold demonologist
  7343 | D:7      | Killed a kobold demonologist
  7344 | D:7      | Reached skill level 11 in Earth Magic
  9223 | D:9      | Found a hazy altar of Hepliaklqana.
  9306 | D:9      | Reached XP level 11. HP: 68/84 MP: 13/21
  9309 | D:9      | Reached skill level 12 in Earth Magic
  9467 | D:9      | Noticed a two-headed ogre
  9478 | D:9      | Slain by a two-headed ogre

Illustrated notes

Levels and vault maps discovered:
D:1:      dpeg_arrival_tiny_c, layout_rooms,
          hellmonk_ecumenical_altar_leap_of_faith, minmay_misc_feat_five
D:2:      layout_basic
D:3:      layout_loops_corners, general_overflow_altar,
          mainiacjoe_overflow_six_doors_small, zin_academy,
          gammafunk_ghost_mausoleum, serial_shops,
          nicolae_shop_tiny_real_fake_doors, st_stairs_6, corexii_shack,
          hangedman_decor_points
D:4:      layout_basic, temple_green
D:5:      layout_basic, mainiacjoe_overflow_24_doors, serial_glass,
          glass_columns_b, glass_columns_a, nicolae_half_adder, uniq_edmund,
          uniq_eustachio
D:6:      layout_rooms, lemuel_round_altar, nicolae_uskayaw_en_pointe,
          portal_sewer_entry_f, serial_bayou_lagoon_b
D:7:      hellmonk_destroyed_diamonds, layout_loops_ring
D:8:      layout_basic
D:9:      layout_stronghold, nzn_hepliaklqana_mist_gate,
          grunt_temple_overflow_octagram, david_lair_shrubbed, enter_bailey_2
Temple:   nicolae_temple_superstar

Skill      XL: |  1  2  3  4  5  6  7  8  9 10 11 |
---------------+----------------------------------+-----
Earth Magic    | 4 5 6 8 10 11 12 | 12.0
Fighting       | 1 2 3 4 6 7 |  7.1
Transmutations | 2 3 |  3.0
Conjurations   | 1 2 3 |  3.0
Spellcasting   | 3 4 6 7 |  7.0
Shields        | 1 2 4 |  4.0
Armour         | 2 4 |  4.3
Invocations    | 2 4 |  4.7
Dodging        | |  1.7
Stealth        | |  2.4

Action                     |  1- 3 |  4- 6 |  7- 9 | 10-12 || total
---------------------------+-------+-------+-------+-------++-------
  Melee: Staff             |       |     1 |     4 |     8 ||    13
  Throw: Dart              |       |       |     5 |     2 ||     7
   Cast: Sandblast         |    38 |    62 |   173 |   120 ||   393
         Stone Arrow       |       |       |     4 |     3 ||     7
         Passwall          |       |       |     1 |     8 ||     9
    Use: Scroll            |       |     7 |     3 |     1 ||    11
         Potion            |       |       |       |     5 ||     5
 Armour: Robe              |     1 |       |       |       ||     1
         Leather armour    |     3 |     3 |    14 |     3 ||    23
         Ring mail         |       |       |     7 |       ||     7
         Chain mail        |       |       |       |    60 ||    60
  Dodge: Dodged            |    14 |    15 |    39 |    39 ||   107
  Block: Buckler           |       |     3 |    26 |    31 ||    60
